 Dungeon Crawl Stone Soup version 0.18-a0-1121-gb454403 (webtiles) character file.

50 TriBird the Skirmisher (level 3, -3/40 HPs)
             Began as an Ogre Fighter on Jan 15, 2016.
             Slain by a worm (11 damage)
             ... on level 3 of the Dungeon on Jan 18, 2016.
             The game lasted 00:18:29 (1541 turns).

TriBird the Skirmisher (Ogre Fighter)               Turns: 1541, Time: 00:18:29

Health: -3/40      AC:  3    Str: 22    XL:     3   Next: 79%
Magic:  12/12      EV:  8    Int:  7    God:
Gold:   48         SH:  8    Dex:  9    Spells: 0 memorised, 2 levels left

rFire  . . .     SeeInvis .     a - +0 flail
rCold  . . .     Gourm    .     b - +0 robe
rNeg   . . .     Faith    .     c - +0 shield
rPois  .         Spirit   .     (helmet restricted)
rElec  .         Dismiss  .     (no cloak)
rCorr  .         Reflect  .     (gloves unavailable)
SustAt .         Harm     .     (boots unavailable)
MR     .....                    (no amulet)
Stlth  +.........               (no ring)
                                u - ring of magical power

@: lethally poisoned (-3 -> -5), slowed, very slow, not resistant to hostile
enchantments, very unstealthy
A: unfitting armour, tough skin 1
a: no special abilities


You were on level 3 of the Dungeon.
You were not hungry.

You visited 1 branch of the dungeon, and saw 4 of its levels.

You collected 48 gold pieces.

Inventory:

Hand Weapons
 a - a +0 flail (weapon)
 e - a +0 mace
 i - a -2 whip
 n - a +4 dagger
 v - a +0 hunting sling
 w - a +0 vampiric dagger
 x - a cursed -3 blowgun
Missiles
 s - 21 bolts
 y - 3 curare-tipped needles
Armour
 b - a +0 robe (worn)
 c - a +0 shield (worn)
 j - a +0 scale mail
Jewellery
 u - a ring of magical power (left hand)
Scrolls
 k - 2 scrolls of remove curse {unknown}
 l - a scroll of blinking {unknown}
 r - a scroll of identify
Potions
 d - a potion of might
 h - a potion of ambrosia
 m - a potion of lignification {unknown}
 o - a potion of flight {unknown}
 p - a potion of mutation {unknown}
 q - 2 potions of brilliance {unknown}
 t - a potion of poison {unknown}
Comestibles
 f - 2 meat rations
 g - 7 fruits


   Skills:
 + Level 4.6 Fighting
 + Level 2.9 Maces & Flails
 + Level 3.3 Dodging
 + Level 3.2 Shields


You had 2 spell levels left.
You didn't know any spells.

Dungeon Overview and Level Annotations

Branches:
Dungeon (4/15)
 Temple: D:4-7

Altars:

Annotations:
D:3 Senshi's ghost, amateur DrFi
D:4 Dega's ghost, amateur DsFi


Innate Abilities, Weirdness & Mutations

You are too large for most types of armour.
You have tough skin (AC +1).


Message History

The kobold shoots a curare-tipped needle.
The curare-tipped needle barely misses you.
You feel sick.
You see here a dagger.
You closely miss the kobold.
You feel sick.
The kobold hits you with an enchanted blowgun. x2
You hit the kobold but do no damage.
You feel sick.
The kobold hits you with an enchanted blowgun.
The kobold closely misses you.
You thump the kobold!
You kill the kobold!
You feel sick.
A worm comes into view.
Things that are here:
an enchanted blowgun; 3 curare-tipped needles; a kobold corpse
x - an enchanted blowgun;
y - 3 curare-tipped needles You feel sick.
The worm bites you!
* * * LOW HITPOINT WARNING * * *
You completely miss the worm.
You feel sick. The worm bites you!
You die...

..... ..########
.#### # .......
.# #. #...# # # #
#.# #<.####.#.###
..###..(........
#.#.#...(.....##.
#.............#
###.#.)#####.....
#.###@...# .####
## #w.##.# #
..... .. #.###...
... # ##... ..
.... . .....
.#....


You could see a worm.

Vanquished Creatures
  2 worms (D:2)
  An orc (D:3)
  2 ball pythons
  4 bats
  2 giant cockroaches (D:2)
  7 goblins
  5 hobgoblins
  3 jackals (D:2)
  A quokka (D:3)
  A giant newt (D:2)
  7 kobolds
  2 rats
37 creatures vanquished.

Notes
Turn   | Place    | Note
--------------------------------------------------------------
     0 | D:1      | TriBird the Ogre Fighter began the quest for the Orb.
     0 | D:1      | Reached XP level 1. HP: 24/24 MP: 1/1
    92 | D:1      | Reached XP level 2. HP: 15/33 MP: 2/2
   327 | D:1      | Upgraded the game from 0.18-a0-1101-gf8b1e5e to 0.18-a0-1121-gb454403
   534 | D:2      | Reached XP level 3. HP: 32/40 MP: 3/3
  1436 | D:3      | Noticed Senshi's ghost (amateur DrFi)
  1482 | D:4      | Noticed Dega's ghost (amateur DsFi)
  1541 | D:3      | Slain by a worm

Vault maps used:
D:1:      lightli_arrival_quake, dk_noncrumbling_3, minmay_misc_feat_five
D:3:      tgw_kikubaaqudgha
D:4:      minmay_temple_entry_crystal_x, fedhas_altar_4

Action                   || total
-------------------------++-------
Melee: Flail             ||   128
       Whip              ||    25
  Use: Scroll            ||     5
  Eat: Bread ration      ||     1
